 Dungeon Crawl Stone Soup version 0.15.0-13-gb296d5c (webtiles) character file.

263 CrazyArbalest the Bolt Thrower (level 5, -4/37 HPs)
             Began as a Demonspawn Hunter on Sept 3, 2014.
             Slain by a scorpion (8 damage)
             ... on Level 4 of the Dungeon.
             The game lasted 00:19:20 (3403 turns).

CrazyArbalest the Bolt Thrower (Demonspawn Hunter)  Turns: 3403, Time: 00:19:21

HP  -4/37        AC  5     Str 12      XL: 5   Next: 97%
MP   5/5         EV 12     Int 12      God:
Gold 108         SH  0     Dex 15      Spells:  0 memorised,  4 levels left

rFire  . . .     SeeInvis .     b - +1 hand crossbow
rCold  . . .     Clarity  .     d - +0 leather armour
rNeg   . . .     rCorr    .     (no shield)
rPois  .         rRot     .     (no helmet)
rElec  .         Spirit   .     (no cloak)
SustAb .         Warding  .     l - +1 pair of gloves
rMut   .         Stasis   .     (no boots)
Gourm  .                        (no amulet)
MR     .....                    (no ring)
                                (no ring)

@: lethally poisoned, not resistant to hostile enchantments, unstealthy
A: powered by death 2
a: no special abilities


You were on level 4 of the Dungeon.
You were not hungry.

You visited 1 branch of the dungeon, and saw 4 of its levels.

You collected 108 gold pieces.

Inventory:

Hand weapons
 a - a +0 whip
 b - a +1 hand crossbow (weapon)
 r - a +0 flail
 B - a +1 morningstar of holy wrath
Missiles
 c - 23 bolts (quivered)
Armour
 d - a +0 leather armour (worn)
 j - a +0 pair of gloves
 l - a +1 pair of gloves (worn)
 C - a +0 leather armour
 E - a +0 leather armour of fire resistance
Comestibles
 f - 3 bread rations
 k - 2 meat rations
 x - 2 chunks of goblin flesh
 z - 2 chunks of goblin flesh
Scrolls
 g - 2 scrolls of random uselessness {unknown}
 m - 2 scrolls of amnesia {unknown}
 n - a scroll of remove curse {unknown}
 q - a scroll of enchant armour {unknown}
 t - a scroll of identify {unknown}
 v - a scroll of magic mapping {unknown}
 w - a scroll of fog {unknown}
 D - a scroll of fear {unknown}
Jewellery
 i - an uncursed ring of see invisible {unknown}
 s - an uncursed amulet of the gourmand {unknown}
 u - an uncursed ring of sustain abilities {unknown}
Potions
 e - a potion of degeneration {unknown}
 h - a potion of might {unknown}
 o - 2 potions of lignification {unknown}
 p - 2 potions of brilliance {unknown}
 A - 3 potions of poison {unknown}
Books
 y - a book of Hinderance

   Spells                             Type                      Level
   Confusing Touch                    Hexes                        2
   Confuse                            Hexes                        3
   Petrify                            Transmutation/Earth          4
   Leda's Liquefaction                Hexes/Earth                  4
   Metabolic Englaciation             Hexes/Ice                    5
   Summon Mana Viper                  Hexes/Summoning              5


   Skills:
 + Level 1.3 Fighting
 * Level 1.7 Maces & Flails
 * Level 5.0 Crossbows
 + Level 1.7 Armour
 + Level 3.1 Dodging
 + Level 1.3 Stealth


You had 4 spell levels left.
You didn't know any spells.

Dungeon Overview and Level Annotations

Branches:
Dungeon (4/15)
 Temple: D:4-7

Altars:


Innate Abilities, Weirdness & Mutations

You can steal the life force of defeated enemies.


Message History

You shoot a bolt. The bolt hits the scorpion.
The scorpion is almost dead.
You feel sick. The scorpion stings you.
* * * LOW HITPOINT WARNING * * *
You are lethally poisoned!
The scorpion poisons you!
Firing (i - inventory):
c - 25 bolts (quivered)
Press: ? - help, Shift-Dir - straight line, f/p - scorpion
Aim: a scorpion (almost dead)
You shoot a bolt. The bolt barely misses the scorpion.
* * * LOW HITPOINT WARNING * * *
You feel sick. The scorpion closely misses you. The scorpion stings you.
* * * LOW HITPOINT WARNING * * *
Firing (i - inventory):
c - 24 bolts (quivered)
Press: ? - help, Shift-Dir - straight line, f/p - scorpion
Aim: a scorpion (almost dead)
You shoot a bolt. The bolt barely misses the scorpion.
* * * LOW HITPOINT WARNING * * *
You feel sick. The scorpion stings you!
You die...

..........##>.#≈.≈≈#
...........######'###
...........####.#.#.#
...(.....%.).)..%...#
#............#.#...###
#............#.#.###
#......(..##.....#
#.......s.##..........
........@#..#.....#.
##########.#.#....#
#..#..[### ##. .###


You could see a scorpion.

Vanquished Creatures
  An orc priest (D:4)
  3 orc wizards
  A worker ant (D:4)
  A hound skeleton (D:4)
  2 adders (D:3)
  A shadow imp (D:4)
  A giant mite (D:4)
  3 giant geckos
  An ooze (D:4)
  12 orcs
  13 goblins
  9 hobgoblins
  A quokka (D:3)
  A ball python (D:3)
  11 bats
  3 giant cockroaches (D:1)
  2 giant newts
  5 kobolds
  4 rats
75 creatures vanquished.

Notes
Turn   | Place    | Note
--------------------------------------------------------------
     0 | D:1      | CrazyArbalest, the Demonspawn Hunter, began the quest for the Orb.
     0 | D:1      | Reached XP level 1. HP: 15/15 MP: 1/1
   118 | D:1      | Reached skill level 4 in Crossbows
   147 | D:1      | Gained mutation: You can steal the life force of nearby defeated enemies. [demonic ancestry]
   147 | D:1      | Reached XP level 2. HP: 21/21 MP: 2/2
  1028 | D:2      | Gained mutation: You can steal the life force of defeated enemies. [demonic ancestry]
  1028 | D:2      | Reached XP level 3. HP: 14/26 MP: 3/3
  1454 | D:3      | Reached skill level 1 in Armour
  1454 | D:3      | Reached XP level 4. HP: 7/32 MP: 4/4
  2309 | D:3      | Reached skill level 1 in Maces & Flails
  3213 | D:4      | Reached skill level 1 in Stealth
  3262 | D:4      | Reached XP level 5. HP: 30/37 MP: 5/5
  3339 | D:4      | Reached skill level 5 in Crossbows
  3403 | D:4      | Slain by a scorpion

Action                   |  1- 3 |  4- 6 || total
-------------------------+-------+-------++-------
Melee: Whip              |    78 |   123 ||   201
       Flail             |       |     3 ||     3
 Fire: Hand crossbow     |    32 |    55 ||    87
 Stab: Sleeping          |       |     1 ||     1
  Eat: Chunk             |     1 |     4 ||     5
       Bread ration      |       |     1 ||     1
